 Dungeon Crawl Stone Soup version 0.32-a0-953-g508020473e (webtiles) character file.

Game seed: 3486183995929336185

42 retardedninja the Firebug (level 3, 0/19 HPs)
             Began as a Gargoyle Fire Elementalist on Apr 16, 2024.
             Slain by a ribbon worm (4 damage)
             ... on level 3 of the Dungeon.
             The game lasted 00:02:57 (2079 turns).

retardedninja the Firebug (GrFE)                    Turns: 2079, Time: 00:02:58

Health: 0/19       AC:  5    Str: 11    XL:     3   Next: 56%
Magic:  0/6        EV: 11    Int: 17    God:
Gold:   159        SH:  0    Dex: 10    Spells: 4/7 levels left

rFire   . . .        l - +0 hand axe
rCold   . . .        (no shield)
rNeg    + . .        k - +0 robe
rPois   ∞            (no helmet)
rElec   +            (no cloak)
rCorr   .            (no gloves)
SInv    .            (no boots)
Will    .....        (no amulet)
Stlth   ++           (no ring)
HPRegen 0.23/turn    (no ring)
MPRegen 0.10/turn

%: no passive effects
@: no status effects
A: sickness immunity, AC +3, negative energy resistance 1, electricity
resistance, torment resistance 1, petrification resistance
a: no special abilities


You were on level 3 of the Dungeon.
You visited 1 branch of the dungeon, and saw 3 of its levels.

You collected 159 gold pieces.

Inventory:

Hand Weapons
 l - a +0 hand axe (weapon)
Armour
 k - a +0 robe (worn)
Wands
 a - a wand of flame (15)
Scrolls
 e - a scroll of silence {unknown}
 g - a scroll of revelation {unknown}
Potions
 b - a potion of magic
 c - 2 potions of brilliance {unknown}
 d - 2 potions of enlightenment
 f - 2 potions of lignification {unknown}
 h - 2 potions of cancellation {unknown}
 i - a potion of attraction {unknown}
 j - a potion of berserk rage {unknown}


   Skills:
 + Level 1.9 Dodging
 - Level 2.3 Stealth
 * Level 2.5 Spellcasting
 * Level 2.2 Conjurations
 + Level 3.2 Fire Magic


You had 4 spell levels left.
You knew the following spells:

 Your Spells              Type           Power      Damage    Failure   Level
a - Foxfire               Conj/Fire      44%        2x1d6     6%          1
b - Scorch                Fire           26%        2d6       7%          2

Your spell library contained the following spells:

 Spells                   Type           Power      Damage    Failure   Level
 Sandblast                Erth           4%         2d4       19%         1
 Inner Flame              Hex/Fire       7%         N/A       28%         3
 Volatile Blastmotes      Fire/Tloc      14%        2d11      28%         3
 Stone Arrow              Conj/Erth      12%        3d7       34%         3
 Passwall                 Erth           2%         N/A       50%         3
 Flame Wave               Conj/Fire      11%        2d6       52%         4


Dungeon Overview and Level Annotations

Branches:
Dungeon (3/15)

Altars:


Innate Abilities, Weirdness & Mutations

You are immune to sickness and miasma.
Your stone body is resilient. (AC +3)
You are immune to poison.
You resist negative energy. (rN+)
You are resistant to electric shocks. (rElec)
You are resistant to unholy torment.
You are immune to petrification.


Message History

You hit the ribbon worm.
The ribbon worm is heavily wounded.
The ribbon worm closely misses you.
You hit the ribbon worm.
The ribbon worm is heavily wounded.
The ribbon worm expels a string of sticky webbing.
The stream of webbing hits you but does no damage.
You are caught in a web!
Casting: Foxfire (safe; 6% risk of failure)
Press: ? - help, Q - select action, (/) - cycle Dir - look around, f - activate You conjure some foxfire!
The ribbon worm bites you.
The foxfire hits the ribbon worm.
The ribbon worm is moderately wounded.
The foxfire hits the ribbon worm but does no damage.
The ribbon worm is moderately wounded.
The ribbon worm expels a string of sticky webbing.
The stream of webbing hits you but does no damage.
You are even more entangled.
You struggle to detach yourself from the web.
The ribbon worm bites you.
The web tears apart.
The ribbon worm bites you.
You hit the ribbon worm.
The ribbon worm is moderately wounded.
The ribbon worm barely misses you.
You hit the ribbon worm.
The ribbon worm is moderately wounded.
The ribbon worm barely misses you.
You hit the ribbon worm.
The ribbon worm is moderately wounded.
The ribbon worm bites you.
* * * LOW HITPOINT WARNING * * *
You hit the ribbon worm.
The ribbon worm is heavily wounded.
The ribbon worm closely misses you.
Casting: Foxfire (safe; 6% risk of failure)
Press: ? - help, Q - select action, (/) - cycle Dir - look around, f - activate You conjure some foxfire!
The ribbon worm bites you.
You die...

........#[## #......
#.##(....## #.<###.
#. #..###.# #..###.
#.##..###.###..#...
#......##..........
###.###.....###..###.
... #..........# #.
##.###w###.#.#.###)##
#. .......@v.†....#
#.# #.
...####v...#[###
#.####. #[####.#
#...... #.# .#
######< #.# .#
######. #.# ........
#.# ######## #.# #.#


You could see a ribbon worm (ally target).

Vanquished Creatures
  A dart slug (D:1)
  An orc (D:3)
  4 bats
  3 endoplasms
  A giant cockroach (D:2)
  2 goblins
  7 hobgoblins
  2 jackals (D:1)
  7 ball pythons
  4 frilled lizards
  4 rats
36 creatures vanquished.

Vanquished Creatures (others)
  128 foxfires
128 creatures vanquished.

Grand Total: 164 creatures vanquished

Notes
Turn   | Place    | Note
-------+----------+-------------------------------------------
     0 | D:1      | retardedninja the Gargoyle Fire Elementalist began the
                  | quest for the Orb.
     0 | D:1      | Reached XP level 1. HP: 10/10 MP: 3/3
   166 | D:1      | Reached XP level 2. HP: 13/15 MP: 0/5
   378 | D:1      | Found a faded altar of an unknown god.
   600 | D:1      | Learned a level 2 spell: Scorch
   800 | D:1      | Reached XP level 3. HP: 19/19 MP: 4/6
  2079 | D:3      | Slain by a ribbon worm

Illustrated notes

Levels and vault maps discovered:
D:1:      lemuel_arrival_rhombus, layout_basic, basic_ecumenical_altar,
          kennysheep_boxes
D:2:      layout_basic
D:3:      layout_loops_ring, lemuel_crystal_altar, nzn_wu_jian_council_hall,
          nicolae_qazlal_style_of_elements, kennysheep_path_1, uniq_terence

Skill      XL: |  1  2 |
---------------+-------+-----
Conjurations   | 2 |  2.2
Dodging        | |  1.9
Stealth        | |  2.3
Spellcasting   | |  2.5
Fire Magic     | |  3.2

Action                     || total
---------------------------++-------
  Melee: Unarmed           ||    10
         Hand axe          ||     8
   Cast: Foxfire           ||    80
         Scorch            ||     2
    Use: Potion            ||     1
 Armour: Robe              ||    44
  Dodge: Dodged            ||    41

Table legend: (Time is in decaauts)
 A = Elapsed time spent in this place.
 B = Non-inter-level travel time spent in this place.
 C = Inter-level travel time spent in this place.
 D = Time resting spent in this place.
 E = Time spent auto-exploring this place.
 F = Levels seen in this place.
 G = Mean time per level.
                   A        B        C        D        E       F      G
               +--------+--------+--------+--------+--------+-----+--------+
         Total |   2080 |   2030 |     50 |      0 |   1712 |   3 |  693.3 |
       Dungeon |   2080 |   2030 |     50 |      0 |   1712 |   3 |  693.3 |
               +--------+--------+--------+--------+--------+-----+--------+

Top non-repeatable levels by time:
     D:1: 991 daAuts
     D:2: 834 daAuts
     D:3: 254 daAuts
